 Dungeon Crawl Stone Soup version 0.31-a0-1388-g4b2ba238e7 (webtiles) character file.

Game seed: 1188059927549432502

879 MisterAzrael the Blocker (level 8, -6/58 HPs)
             Began as a Formicid Fighter on Dec 24, 2023.
             Was an Initiate of Yredelemnul.
             Engulfed by a steam dragon's steam (8 damage)
             ... on level 5 of the Dungeon.
             The game lasted 00:06:03 (3660 turns).

MisterAzrael the Blocker (Formicid Fighter)         Turns: 3660, Time: 00:06:03

Health: -6/58      AC: 10    Str: 21    XL:     8   Next: 25%
Magic:  8/8        EV:  9    Int:  6    God:    Yredelemnul [......]
Gold:   236        SH:  7    Dex: 21    Spells: 7/7 levels left

rFire   . . .        a - +0 war axe
rCold   . . .        c - +0 buckler
rNeg    + . .        m - +2 scale mail {rN+}
rPois   .            (helmet unavailable)
rElec   .            (no cloak)
rCorr   .            (no gloves)
SInv    +            l - +0 pair of boots
Will    .....        (no amulet) Stlth
                     (no ring)
HPRegen 0.29/turn    (no ring)
MPRegen 0.11/turn

%: no passive effects
@: very slightly contaminated
A: permanent stasis, dig shafts and tunnels, antennae 3, four strong arms, agile
2, wild magic 1
a: Dig, Shaft Self, Renounce Religion, Recall Undead Harvest


You were on level 5 of the Dungeon.
You worshipped Yredelemnul.
Yredelemnul was noncommittal.
You visited 1 branch of the dungeon, and saw 5 of its levels.

You collected 236 gold pieces.

Inventory:

Hand Weapons
 a - a +0 war axe (weapon)
Armour
 b - a +0 scale mail
 c - a +0 buckler (worn)
 l - a +0 pair of boots (worn)
 m - a +2 scale mail of positive energy (worn)
Jewellery
 k - a ring of positive energy
 u - a ring of protection from cold
Wands
 o - a wand of roots (4)
Scrolls
 e - 2 scrolls of enchant armour {unknown}
 f - a scroll of silence {unknown}
 g - 6 scrolls of identify {unknown}
 h - a scroll of brand weapon {unknown}
 j - 2 scrolls of teleportation {unknown}
 r - a scroll of fear {unknown}
 s - a scroll of summoning {unknown}
Potions
 d - a potion of might
 i - a potion of mutation
 n - a potion of heal wounds {unknown}
 p - a potion of ambrosia {unknown}
 q - a potion of cancellation
 t - a potion of curing {unknown}


   Skills:
 - Level 3.2 Fighting
 + Level 5.5 Axes
 - Level 3.2 Armour
 * Level 10.2 Shields


You had 7 spell levels left.
You didn't know any spells.
Your spell library contained the following spells:

 Spells                   Type           Power      Damage    Failure   Level
 Mercury Vapours          Alch/Air       0%         N/A       96%         2
 Mephitic Cloud           Conj/Alch/Air  0%         N/A       99%         3
 Freezing Cloud           Conj/Ice/Air   0%         6-21      100%        5


Dungeon Overview and Level Annotations

Branches:
Dungeon (5/15)
 Temple: D:4-7

Altars:
Dithmenos
Elyvilon
Gozag
Nemelex Xobeh
Qazlal
Trog
Uskayaw
Vehumet
Xom
Yredelemnul
The Shining One


Innate Abilities, Weirdness & Mutations

You cannot be hasted, slowed, berserked, paralysed or teleported.
You can dig through walls and to a lower floor.
You have a pair of large antennae on your head. (SInv)
Your four strong arms can wield two-handed weapons with a shield.
You are very agile. (Dex +8, Str/Int -2)
Your spells are a little harder to cast, but a little more powerful.


Message History

You are engulfed in a cloud of scalding steam.
The steam dragon closely misses you. You block the steam dragon's attack.
You closely miss the steam dragon.
The steam dragon is severely wounded.
The steam dragon bites you. You block the steam dragon's attack.
You barely miss the steam dragon.
The steam dragon is severely wounded.
You block the steam dragon's attack. The steam dragon closely misses you.
A jelly comes into view.
You closely miss the steam dragon.
The steam dragon is severely wounded.
The jelly quivers.
The steam dragon barely misses you. The steam dragon claws you.
The steam dragon bites you. The steam dragon claws you.
You hit the steam dragon.
The steam dragon is almost dead.
The steam dragon breathes steam at you. The ball of steam hits you!
You hit the steam dragon but do no damage.
The steam dragon is almost dead.
You are engulfed in a cloud of scalding steam.
The steam dragon breathes steam at you. The ball of steam hits you!
* * * LOW HITPOINT WARNING * * *
You hit the steam dragon.
The steam dragon is almost dead.
You are engulfed in a cloud of scalding steam.
The steam dragon bites you but does no damage.
The steam dragon closely misses you.
It was a potion of mutation.
You feel extremely strange.
You feel agile. x2; You feel less in control of your magic.
You are engulfed in a cloud of scalding steam.
The steam dragon bites you but does no damage.
The steam dragon claws you.
* * * LOW HITPOINT WARNING * * *
It was a potion of cancellation.
You feel magically purged.
You are very lightly contaminated with residual magic.
You are engulfed in a cloud of scalding steam.
You die...
Your body rises from the dead as a mindless zombie.

..... #...# #.#.
####.#.# ... #
#..#.#.# ..#
#.#..#.#.# ..#
.#......#.###.)#
......JD....>..#
#...@.......#
......#§§....#..
.....
#.####.#########.
.... #§#
#.#......... ..<
#.# #.#.########
.. #.# #....<# .
#.# ##.#.### #.#
#....# #+ #..###


You could see a steam dragon (catching breath) and a jelly.

Vanquished Creatures
  The ghost of MisterAzrael the Insei, an amateur OpSh of Jiyva (D:4)
  A black bear (D:4)
  A phantom (D:4)
  A scorpion (D:4)
  A bombardier beetle (D:4)
  2 gnoll boudas (D:4)
  An orc priest (D:4)
  A hound (D:4)
  An iguana (D:4)
  3 orc wizards
  13 gnolls (D:4)
  2 adders
  2 worms
  2 dart slugs
  7 orcs
  4 ball pythons
  7 endoplasms
  2 giant cockroaches
  11 goblins
  3 hobgoblins
  2 jackals (D:4)
  3 kobolds
  2 quokkas
  2 bats (D:3)
  2 frilled lizards
  A rat (D:2)
78 creatures vanquished.

Vanquished Creatures (collateral kills)
  An endoplasm (D:4)
  2 goblins (D:4)
3 creatures vanquished.

Vanquished Creatures (others)
  A worm zombie (D:4)
  5 gnoll zombies (D:4)
  A goblin zombie (D:4)
  A jackal zombie (D:4)
8 creatures vanquished.

Grand Total: 89 creatures vanquished

Notes
Turn   | Place    | Note
-------+----------+-------------------------------------------
     0 | D:1      | MisterAzrael the Formicid Fighter began the quest for the
                  | Orb.
     0 | D:1      | Reached XP level 1. HP: 18/18 MP: 1/1
   109 | D:1      | Reached XP level 2. HP: 23/24 MP: 2/2
   651 | D:2      | Reached XP level 3. HP: 20/29 MP: 3/3
   823 | D:2      | Found a faded altar of an unknown god.
   990 | D:2      | Reached skill level 5 in Shields
  1585 | D:3      | Reached XP level 4. HP: 30/35 MP: 4/4
  1630 | D:3      | Found a shimmering altar of Xom.
  1630 | D:3      | Found a shimmering altar of Xom.
  1631 | D:3      | Found a shimmering altar of Xom.
  1642 | D:3      | Found a shimmering altar of Xom.
  1642 | D:3      | Found a shimmering altar of Xom.
  2193 | D:3      | Found a shadowy altar of Dithmenos.
  2194 | D:3      | Found a stormy altar of Qazlal.
  2200 | D:3      | Found a bloodstained altar of Trog.
  2200 | D:3      | Found an opulent altar of Gozag.
  2201 | D:3      | Found a basalt altar of Yredelemnul.
  2201 | D:3      | Found a radiant altar of Vehumet.
  2215 | D:3      | Found a hide-covered altar of Uskayaw.
  2217 | D:3      | Found a sparkling altar of Nemelex Xobeh.
  2218 | D:3      | Found a glowing golden altar of the Shining One.
  2229 | D:3      | Became a worshipper of Yredelemnul the Dark
  2346 | D:4      | Reached skill level 6 in Shields
  2352 | D:4      | Reached XP level 5. HP: 38/41 MP: 5/5
  2382 | D:4      | Found a white marble altar of Elyvilon.
  2449 | D:4      | Reached * piety under Yredelemnul
  2462 | D:4      | Reached XP level 6. HP: 19/47 MP: 6/6
  2465 | D:4      | Reached skill level 7 in Shields
  2481 | D:4      | Reached ** piety under Yredelemnul
  2651 | D:4      | Found a runed translucent gate.
  2651 | D:4      | Found a runed translucent gate.
  2651 | D:4      | Found a runed translucent gate.
  2651 | D:4      | Noticed a black bear
  2666 | D:4      | Killed a black bear
  2732 | D:4      | Reached skill level 8 in Shields
  2732 | D:4      | Reached XP level 7. HP: 52/52 MP: 7/7
  2943 | D:4      | Reached skill level 9 in Shields
  3262 | D:4      | Reached skill level 5 in Axes
  3456 | D:4      | Reached XP level 8. HP: 55/58 MP: 8/8
  3482 | D:4      | Noticed MisterAzrael's ghost (amateur OpSh)
  3496 | D:4      | Killed MisterAzrael's ghost
  3497 | D:4      | Reached skill level 10 in Shields
  3623 | D:5      | Entered Level 5 of the Dungeon
  3659 | D:5      | Gained mutation: You are agile. (Dex +4, Str/Int -1)
                  | [potion of mutation]
  3659 | D:5      | Gained mutation: You are very agile. (Dex +8, Str/Int -2)
                  | [potion of mutation]
  3659 | D:5      | Gained mutation: Your spells are a little harder to cast,
                  | but a little more powerful. [potion of mutation]
  3659 | D:5      | HP: 2/58 [steam dragon (4)]
  3660 | D:5      | Engulfed by a steam dragon's steam

Illustrated notes

Levels and vault maps discovered:
D:1:      onia_arrival_pyramid, layout_rooms
D:2:      layout_loops_corners, shapermc_ecumenical_altar_ellora,
          due_unseen_surprise
D:3:      layout_loops_ring, xom_redecorated, minitemple
D:4:      layout_loops_ring, nicolae_elyvilon_peaceful_grove,
          ebering_ghost_rock_garden
D:5:      layout_basic, zin_academy, gup_sewer_entry_pipe,
          lightli_ossuary_entry_decrepit_ruins

Skill      XL: |  1  2  3  4  5  6  7  8 |
---------------+-------------------------+-----
Shields        | 5 6 8 9 10 | 10.2
Axes           | 3 4 5 |  5.5
Fighting       | |  3.2
Armour         | |  3.2

Action                     |  1- 3 |  4- 6 |  7- 9 || total
---------------------------+-------+-------+-------++-------
  Melee: War axe           |   100 |   101 |   101 ||   302
 Invoke: Recall Undead Har |       |       |     1 ||     1
         Dark Bargain      |       |       |     1 ||     1
    Use: Potion            |       |       |     2 ||     2
   Stab: Distracted        |       |     1 |     2 ||     3
 Armour: Scale mail        |    43 |    87 |    91 ||   221
  Dodge: Dodged            |    30 |    48 |    34 ||   112
  Block: Buckler           |    13 |    35 |    26 ||    74

Table legend: (Time is in decaauts)
 A = Elapsed time spent in this place.
 B = Non-inter-level travel time spent in this place.
 C = Inter-level travel time spent in this place.
 D = Time resting spent in this place.
 E = Time spent auto-exploring this place.
 F = Levels seen in this place.
 G = Mean time per level.
                   A        B        C        D        E       F      G
               +--------+--------+--------+--------+--------+-----+--------+
         Total |   3763 |   3599 |    164 |    173 |   2609 |   5 |  752.6 |
       Dungeon |   3763 |   3599 |    164 |    173 |   2609 |   5 |  752.6 |
               +--------+--------+--------+--------+--------+-----+--------+

Top non-repeatable levels by time:
     D:4: 1344 daAuts
     D:2: 961 daAuts
     D:3: 899 daAuts
     D:1: 518 daAuts
     D:5: 39 daAuts
